 Dungeon Crawl Stone Soup version 0.23-a0-636-g0ff6057 (webtiles) character file.

658 zishaf the Firebug (level 7, 0/57 HPs)
             Began as a Black Draconian Fire Elementalist on Dec 28, 2018.
             Slain by an orc
             ... wielding a +0 flail of protection
              (5 damage)
             ... on level 3 of the Dungeon.
             The game lasted 00:07:52 (3736 turns).

zishaf the Firebug (DrFE)                           Turns: 3736, Time: 00:07:52

Health: 0/57       AC:  7    Str: 10    XL:     7   Next: 29%
Magic:  4/10       EV: 13    Int: 17    God:
Gold:   163        SH:  0    Dex: 12    Spells: 4/10 levels left

rFire    . . .     SeeInvis .   (no weapon)
rCold    . . .     Gourm    .   (no shield)
rNeg     . . .     Faith    .   (armour unavailable)
rPois    .         Spirit   .   (helmet restricted)
rElec    +         Reflect  .   (no cloak)
rCorr    .         Harm     .   (no gloves)
MR       .....                  n - +0 pair of boots
Stlth    ++........             (no amulet)
HPRegen  0.19/turn              (no ring)
MPRegen  0.12/turn              (no ring)

@: very slightly contaminated
A: breathe lightning, unfitting armour, electricity resistance, cold-blooded, AC
+6
a: Breathe Lightning


You were on level 3 of the Dungeon.
You were hungry.

You visited 1 branch of the dungeon, and saw 4 of its levels.
You also visited: Sewer.

You collected 163 gold pieces.

Inventory:

Armour
 n - a +0 pair of boots (worn)
Jewellery
 o - an uncursed ring of stealth {unknown}
Wands
 a - a wand of random effects (18)
Scrolls
 b - a scroll of immolation {unknown}
 c - a scroll of teleportation {unknown}
 d - 5 scrolls of fear {unknown}
 e - a scroll of enchant armour {unknown}
 f - 4 scrolls of identify {unknown}
 g - a scroll of remove curse {unknown}
 p - a scroll of random uselessness {unknown}
 s - a scroll of blinking {unknown}
 u - a scroll of acquirement {unknown}
 w - a scroll of magic mapping {unknown}
Potions
 h - a potion of haste {unknown}
 i - 3 potions of resistance {unknown}
 j - a potion of brilliance {unknown}
 k - a potion of ambrosia
 l - a potion of lignification {unknown}
 m - a potion of heal wounds {unknown}
 q - a potion of invisibility {unknown}
 r - a potion of blood
 t - a potion of flight {unknown}
 z - a potion of cancellation {unknown}
Comestibles
 v - 4 rations
 x - 15 chunks of flesh


   Skills:
 + Level 3.2 Fighting
 + Level 3.4 Dodging
 - Level 1.7 Stealth
 - Level 2.0 Spellcasting
 * Level 4.6 Conjurations
 * Level 5.4 Fire Magic


You had 4 spell levels left.
You knew the following spells:

 Your Spells              Type           Power        Failure   Level  Hunger
a - Flame Tongue          Conj/Fire      ###..        2%          1    #......
b - Throw Flame           Conj/Fire      ###...       3%          2    ###....
c - Conjure Flame         Conj/Fire      ###.....     8%          3    ###....

Your spell library contained the following spells:

 Spells                   Type           Power        Failure   Level  Hunger
 Inner Flame              Hex/Fire       ##......     19%         3    ###....
 Sticky Flame             Conj/Fire      ###.....     24%         4    #####..
 Fireball                 Conj/Fire      ###.......   56%         5    ######.


Dungeon Overview and Level Annotations

Branches:
Dungeon (4/15)
 Temple: D:4-7

Altars:

Annotations:
D:3 Duvessa


Innate Abilities, Weirdness & Mutations

You can breathe wild blasts of lightning.
Your glossy black scales are hard. (AC +6)
You cannot fit into any form of body armour.
You are resistant to electric shocks. (rElec)
You are cold-blooded and may be slowed by cold attacks.


Message History

The flame tongue misses Duvessa.
The orc barely misses you. Duvessa hits you but does no damage.
Casting: Flame Tongue (safe; 2% risk of failure)
Confirm with . or Enter, or press ? or * to list all spells.
Aiming: Flame Tongue (safe; 2% risk of failure)
Press: ? - help, Shift-Dir - straight line, f/p - Duvessa
Aim: Duvessa, wielding a +0 short sword and wearing a +3 ring mail of cold The flame tongue hits Duvessa.
Duvessa appears unharmed.
Duvessa is severely wounded.
Duvessa barely misses you. The orc closely misses you.
Casting: Flame Tongue (safe; 2% risk of failure)
Confirm with . or Enter, or press ? or * to list all spells.
Aiming: Flame Tongue (safe; 2% risk of failure)
Press: ? - help, Shift-Dir - straight line, f/p - Duvessa
Aim: Duvessa, wielding a +0 short sword and wearing a +3 ring mail of cold The flame tongue hits Duvessa.
Duvessa is severely wounded.
Duvessa barely misses you.
The orc hits you with a +0 flail of protection.
You die...

........<...########.#######♣♣♣♣♣
#........P......####.#########♣♣♣
##...#......###..<...............
#####)...P.# ########.##########
#.P♣♣P..## #.# ##..
#.≈≈.≈..P##### #.# ##..#
#.♣≈≈♣≈......# #.## ###....
#P≈♣≈≈.♣.###o#####..###...#.#
#.♣≈≈≈♣≈♣# #@e...##.##..###.#
#..≈≈≈≈≈.#######..#....###..#
#P..≈≈≈.).# ##..........##
##♣P.P..P.######........#####
#.♣.........................
#..P♣..#######..##.##(.(...#
##...PP# #.....##(####.# ####.##
#..#####.# #.. #..# ##.##
##.######


You could see Duvessa and an orc.

Vanquished Creatures
  Grinder (D:3)
  Purgy (Sewer)
  An ogre (D:3)
  Dowan (D:4)
  A bullfrog skeleton (D:4)
  2 iguanas (D:4)
  Ijyb (D:2)
  5 adders
  An adder skeleton (D:4)
  4 worms
  2 leopard geckos
  7 orcs
  4 bats
  A giant cockroach (D:3)
  5 hobgoblins
  2 jackals (D:2)
  4 frilled lizards
  4 goblins
  9 kobolds
  4 rats (D:3)
60 creatures vanquished.

Notes
Turn   | Place    | Note
-------+----------+-------------------------------------------
     0 | D:1      | zishaf the Draconian Fire Elementalist began the quest for
                  | the Orb.
     0 | D:1      | Reached XP level 1. HP: 14/14 MP: 3/3
   517 | D:1      | Reached XP level 2. HP: 22/22 MP: 1/5
  1157 | D:2      | Reached skill level 1 in Fighting
  1157 | D:2      | Reached XP level 3. HP: 28/28 MP: 3/6
  1161 | D:2      | Learned a level 2 spell: Throw Flame
  1165 | D:2      | Learned a level 3 spell: Conjure Flame
  1821 | D:3      | Noticed Ijyb
  1836 | D:3      | Noticed Grinder
  1874 | D:2      | Killed Ijyb
  2108 | D:3      | Reached XP level 4. HP: 34/35 MP: 3/7
  2161 | D:3      | Noticed an ogre
  2188 | D:3      | Killed an ogre
  2188 | D:3      | Reached skill level 4 in Fire Magic
  2188 | D:3      | Reached XP level 5. HP: 34/41 MP: 3/8
  2406 | D:3      | Found a glowing drain.
  2413 | D:3      | Paralysed by Grinder for 4 turns
  2414 | D:3      | Killed Grinder
  2414 | D:3      | Reached XP level 6. HP: 50/50 MP: 3/9
  2429 | Sewer    | Entered a sewer
  2487 | Sewer    | Noticed Purgy
  2501 | Sewer    | Killed Purgy
  2501 | Sewer    | Reached skill level 5 in Fire Magic
  3359 | D:4      | Your scales start taking on a glossy black colour.
  3359 | D:4      | Reached XP level 7. HP: 29/56 MP: 0/10
  3359 | D:4      | Gained mutation: You are resistant to electric shocks.
                  | (rElec) [Black Draconian growth]
  3672 | D:4      | Noticed Dowan
  3677 | D:4      | Killed Dowan
  3678 | D:4      | Noticed Duvessa
  3736 | D:3      | Slain by an orc

Vault maps used:
D:1:      dpeg_arrival_houses_and_road, patterned_corridor
D:3:      serial_bayou, serial_bayou_pond_a, serial_bayou_shore_b,
          serial_bayou_ford_a, serial_bayou_lagoon_a,
          cheibrodos_sewer_entry_bend, uniq_ijyb, uniq_grinder
D:4:      minmay_rat_hole, uniq_duvessa, uniq_eustachio
Sewer:    kennysheep_door_sewer

Skill      XL: |  1  2  3  4  5  6  7 |
---------------+----------------------+-----
Dodging        | 2 3 |  3.4
Fighting       | 1 2 3 |  3.2
Conjurations   | 2 3 4 |  4.6
Fire Magic     | 4 5 |  5.4
Stealth        | |  1.7
Spellcasting   | |  2.0

Action                   |  1- 3 |  4- 6 |  7- 9 || total
-------------------------+-------+-------+-------++-------
Melee: Unarmed           |    38 |    15 |    15 ||    68
       Tailslap          |     4 |     1 |     1 ||     6
 Cast: Flame Tongue      |    51 |    72 |    40 ||   163
  Use: Potion            |       |       |     1 ||     1
  Eat: Chunk             |     2 |       |     2 ||     4
       Ration            |     1 |     1 |       ||     2
Armor: Skin              |    20 |    25 |    10 ||    55
Dodge: Dodged            |    37 |    42 |    42 ||   121

Table legend:
 A = Non-vault XP
 B = Vault XP
 C = Vault XP percentage of total XP
 D = Non-vault monster count
 E = Vault monster count
 F = Vault count percentage of total count
                 A         B        C        D         E       F
            +---------+---------+-------+---------+---------+-------
      Total |     401 |     539 |  57.3 |      50 |      10 |  16.7
            +---------+---------+-------+---------+---------+-------
        D:1 |      13 |       0 |   0.0 |       7 |       0 |   0.0
        D:2 |      48 |      33 |  40.7 |      12 |       1 |   7.7
        D:3 |     189 |     291 |  60.6 |      22 |       2 |   8.3
        D:4 |     151 |      67 |  30.7 |       9 |       1 |  10.0
      Sewer |       0 |     148 | 100.0 |       0 |       6 | 100.0
            +---------+---------+-------+---------+---------+-------
